 Dungeon Crawl Stone Soup version 0.27-a0-59-gfbafd837a3 (webtiles) character file.

Game seed: 12055417753871071358

48 Borgoz the Cutter (level 4, -3/30 HPs)
             Began as a Halfling Gladiator on Jan 8, 2021.
             Slain by a goblin
             ... wielding a +0 club
             ... led by Robin
              (5 damage)
             ... on level 2 of the Dungeon.
             The game lasted 00:01:27 (1261 turns).

Borgoz the Cutter (Halfling Gladiator)              Turns: 1261, Time: 00:01:27

Health: -3/30      AC:  6    Str: 13 (15) XL:     4   Next: 0%
Magic:  4/4        EV: 15    Int:  3 (6)  God:
Gold:   81         SH:  0    Dex: 15 (16) Spells: 3/3 levels left

rFire    . . .     SeeInvis .   a - +0 rapier
rCold    . . .     Faith    .   (shield restricted)
rNeg     . . .     Spirit   .   h - +0 ring mail
rPois    .         Reflect  .   c - +0 helmet
rElec    .         Harm     .   (no cloak)
rCorr    .         Rampage  .   (no gloves)
Will     .....                  (no boots)
Stlth    +.........             (no amulet)
HPRegen  0.10/turn              (no ring)
MPRegen  0.09/turn              (no ring)

@: no status effects
A: small, mutation resistance 1
a: no special abilities


You were on level 2 of the Dungeon.
You visited 1 branch of the dungeon, and saw 2 of its levels.

You collected 81 gold pieces.

Inventory:

Hand Weapons
 a - a +0 rapier (weapon)
Missiles
 d - 3 throwing nets (quivered)
Armour
 b - a +0 leather armour
 c - a +0 helmet (worn)
 h - a +0 ring mail (worn)
Scrolls
 f - a scroll of amnesia


   Skills:
 + Level 2.3 Fighting
 + Level 4.1 Short Blades
 - Level 2.0 Throwing
 + Level 1.5 Armour
 + Level 3.8 Dodging


You had 3 spell levels left.
You didn't know any spells.
Your spell library was empty.

Dungeon Overview and Level Annotations

Branches:
Dungeon (2/15)

Altars:
Cheibriados

Annotations:
D:2 Robin


Innate Abilities, Weirdness & Mutations

You are small and have problems with some larger weapons.
You are somewhat resistant to further mutation.


Message History

You hit Robin but do no damage.
Robin is heavily wounded.
The goblin barely misses you.
You aren't carrying any potions.
Okay, then.
You hit the goblin.
You kill the goblin!
The hobgoblin no longer looks unusually strong.
Robin throws the goblin at you!
You have reached level 4!
You aren't carrying any potions.
As you read the scroll labelled ZAURREFOCW, it crumbles to dust.
It is a scroll of amnesia.
You feel forgetful for a moment. The goblin closely misses you.
Robin hits you with a +0 whip.
* * * LOW HITPOINT WARNING * * *
You closely miss the goblin.
The goblin no longer looks unusually strong.
The goblin hits you with a +0 club.
You die...

... ......_......# ... ....
..#.......#..###.####.
....#
...#.......#.g.........
....# #.
##.....##...)....... ....#
####.####..####.#..# ....#
.......gg.....# .. #####
....##g##.##.###..# # .....
#g##.........# # #..
#@##..#......# #
#g##..######## #
#............ #
####.######## #############
#.#
............#######†#######
###########.#(.....)......#
# #.#.###########.# #.#.#


You could see Robin, 2 hobgoblins and 2 goblins.

Vanquished Creatures
  An ufetubus (D:2)
  A dart slug (D:1)
  2 ball pythons (D:2)
  11 goblins
  6 hobgoblins
  4 jackals (D:1)
  2 kobolds
  3 bats
  A frilled lizard (D:1)
  3 rats (D:1)
34 creatures vanquished.

Notes
Turn   | Place    | Note
-------+----------+-------------------------------------------
     0 | D:1      | Borgoz the Halfling Gladiator began the quest for the Orb.
     0 | D:1      | Reached XP level 1. HP: 14/14 MP: 1/1
    26 | D:1      | Reached XP level 2. HP: 19/19 MP: 2/2
   148 | D:1      | Reached skill level 1 in Armour
   750 | D:1      | Reached XP level 3. HP: 17/24 MP: 3/3
   888 | D:1      | Reached skill level 4 in Short Blades
  1166 | D:2      | Found a snail-covered altar of Cheibriados.
  1213 | D:2      | Noticed Robin
  1260 | D:2      | Reached XP level 4. HP: 4/30 MP: 4/4
  1261 | D:2      | Slain by a goblin

Illustrated notes

Levels and vault maps discovered:
D:1:      wander_arrival_lonely_grave, layout_basic, corexii_corridor_pit
D:2:      layout_basic, old_standard_altar, item_on_display_a, uniq_robin,
          uniq_natasha, uniq_terence

Skill      XL: |  1  2  3 |
---------------+----------+-----
Fighting       | 2 |  2.3
Armour         | 1 |  1.5
Short Blades   | 4 |  4.1
Throwing       | |  2.0
Dodging        | |  3.8

Action                   |  1- 3 |  4- 6 || total
-------------------------+-------+-------++-------
Melee: Rapier            |   107 |     1 ||   108
  Use: Potion            |     2 |       ||     2
       Scroll            |       |     1 ||     1
Armor: Leather armour    |     4 |       ||     4
       Ring mail         |    26 |       ||    26
Dodge: Dodged            |   107 |     1 ||   108

Table legend: (Time is in decaauts)
 A = Elapsed time spent in this place.
 B = Non-inter-level travel time spent in this place.
 C = Inter-level travel time spent in this place.
 D = Time resting spent in this place.
 E = Time spent auto-exploring this place.
 F = Levels seen in this place.
 G = Mean time per level.
                   A        B        C        D        E       F      G
               +--------+--------+--------+--------+--------+-----+--------+
         Total |   1260 |   1237 |     23 |     98 |    911 |   2 |  630.0 |
       Dungeon |   1260 |   1237 |     23 |     98 |    911 |   2 |  630.0 |
               +--------+--------+--------+--------+--------+-----+--------+

Top non-repeatable levels by time:
     D:1: 964 daAuts
     D:2: 296 daAuts
